 Dungeon Crawl Stone Soup version 0.22.1-1-ga44c0e5 (webtiles) character file.

149 whitewolfNL the Insei (level 5, -2/34 HPs)
             Began as an Octopode Transmuter on Sept 22, 2018.
             Slain by an adder (3 damage)
             ... on level 3 of the Dungeon.
             The game lasted 00:12:02 (2823 turns).

whitewolfNL the Insei (Octopode Transmuter)         Turns: 2823, Time: 00:12:03

Health: -2/34      AC:  1    Str: 13 (14) XL:     5   Next: 31%
Magic:  8/8        EV: 14    Int: 14 (15) God:
Gold:   135        SH:  0    Dex: 13 (14) Spells: 7/8 levels left

rFire    . . .     SeeInvis .     - Unarmed
rCold    . . .     Gourm    .   (no shield)
rNeg     . . .     Faith    .   (helmet restricted)
rPois    .         Spirit   .   (no amulet)
rElec    .         Reflect  .   (no ring)
rCorr    .         Harm     .   (no ring)
MR       .....                  (no ring)
Stlth    +++.......             (no ring)
HPRegen  0.11/turn              (no ring)
MPRegen  0.11/turn              (no ring)
                                (no ring)
                                (no ring)

@: mighty, lethally poisoned (-2 -> -9)
A: almost no armour, stealthy swim, amphibious, 8 rings, constrict 8, camouflage
1, gelatinous body 1
a: no special abilities


You were on level 3 of the Dungeon.
You were not hungry.

You visited 1 branch of the dungeon, and saw 3 of its levels.

You collected 135 gold pieces.

Inventory:

Missiles
 a - 12 arrows
 f - 43 sling bullets
 h - 31 stones (quivered)
Scrolls
 b - 3 scrolls of identify {unknown}
 e - a scroll of enchant armour {unknown}
 g - 3 scrolls of remove curse {unknown}
 i - 6 scrolls of teleportation {unknown}
Comestibles
 c - a chunk of flesh
 d - a ration


   Skills:
 * Level 2.1 Fighting
 + Level 2.7 Dodging
 * Level 3.4 Stealth
 + Level 4.3 Unarmed Combat
 - Level 2.0 Spellcasting
 - Level 2.0 Transmutations


You had 7 spell levels left.
You knew the following spells:

 Your Spells              Type           Power        Failure   Level  Hunger
a - Beastly Appendage     Tmut           #.....       11%         1    ##.....

Your spell library contained the following spells:

 Spells                   Type           Power        Failure   Level  Hunger
 Sticks to Snakes         Tmut           #.......     16%         2    ###....
 Spider Form              Tmut/Pois      #.........   43%         3    ####...
 Ice Form                 Ice/Tmut       #.......     83%         4    #####..
 Blade Hands              Tmut           #.........   96%         5    ######.


Dungeon Overview and Level Annotations

Branches:
Dungeon (3/15)

Altars:
Gozag
Hepliaklqana
Kikubaaqudgha
Makhleb


Innate Abilities, Weirdness & Mutations

You cannot wear most types of armour.
You are very stealthy in the water. (Stealth+)
You are amphibious.
You can wear up to eight rings at the same time.
You can use your tentacles to constrict eight enemies at once.
Your skin changes colour to match your surroundings (Stealth+).
Your rubbery body absorbs attacks. (AC +1, EV +1)


Message History

* * * LOW HITPOINT WARNING * * *
You are more poisoned.
The adder poisons you!
* * * LOW HITPOINT WARNING * * *
You feel sick.
It was a potion of degeneration.
There was something very wrong with that liquid.
You feel weakened.
You feel dopey.
You feel clumsy.
* * * LOW HITPOINT WARNING * * *
You feel sick. The adder misses you.
It was a potion of might.
You feel very mighty all of a sudden.
* * * LOW HITPOINT WARNING * * *
You feel sick. The adder closely misses you. The adder barely misses you.
As you read the scroll labeled UBLI ASUTSIE, it crumbles to dust.
The creatures around you are filled with an inner flame!
It was a scroll of immolation.
* * * LOW HITPOINT WARNING * * *
You feel sick. The adder bites you.
You die...

#.# .........## #.# ##).......#
#.# .#......%..# ######.#### ##
...#.......#
#.........#######..$....#.%...###
#......%...<.....................
#..)......######.## #............
###......## #.# #...#.#......
#......# #@####.....#......
#......# ###S##......##......
#......#####..o...#............
#..............).....†...>.....
#................#.............
#......#........##.##.##.......
#...............##.##.##...#..#
#......####..####..##.........#
#......# ##.# ..##.........##


You could see an adder (inner flame) and an orc (inner flame).

Vanquished Creatures
  A hound (D:3)
  7 adders
  An ooze (D:2)
  5 worms
  2 dart slugs
  A leopard gecko (D:1)
  An orc (D:3)
  3 giant cockroaches
  2 goblins
  3 hobgoblins
  2 jackals (D:1)
  A quokka (D:3)
  6 bats
  8 frilled lizards
  2 kobolds
  4 rats
49 creatures vanquished.

Notes
Turn   | Place    | Note
-------+----------+-------------------------------------------
     0 | D:1      | whitewolfNL the Octopode Transmuter began the quest for the
                  | Orb.
     0 | D:1      | Reached XP level 1. HP: 13/13 MP: 3/3
   244 | D:1      | Reached XP level 2. HP: 12/18 MP: 3/5
   264 | D:1      | Reached skill level 1 in Stealth
  1255 | D:2      | Found an ancient bone altar of Kikubaaqudgha.
  1265 | D:2      | Reached XP level 3. HP: 23/23 MP: 4/6
  1735 | D:2      | Reached XP level 4. HP: 25/29 MP: 7/7
  1753 | D:2      | Reached skill level 4 in Unarmed Combat
  2464 | D:2      | Found a burning altar of Makhleb.
  2466 | D:2      | Found a hazy altar of Hepliaklqana.
  2466 | D:2      | Found an opulent altar of Gozag.
  2755 | D:3      | Reached XP level 5. HP: 21/34 MP: 8/8
  2823 | D:3      | HP: 1/34 [poisoned by an adder]
  2823 | D:3      | Slain by an adder

Skill      XL: |  1  2  3  4 |
---------------+-------------+-----
Stealth        | 1 2 3 |  3.4
Unarmed Combat | 4 |  4.3
Fighting       | 2 |  2.1
Dodging        | |  2.7
Spellcasting   | |  2.0
Transmutations | |  2.0

Action                   |  1- 3 |  4- 6 || total
-------------------------+-------+-------++-------
Melee: Unarmed           |    68 |    54 ||   122
       Constrict         |    17 |    14 ||    31
       Punch             |     3 |     2 ||     5
       Tentacles         |    11 |    11 ||    22
       Kick              |     8 |    11 ||    19
 Cast: Beastly Appendage |     5 |     6 ||    11
  Use: Potion            |       |     5 ||     5
       Scroll            |       |     1 ||     1
 Stab: Sleeping          |     2 |     1 ||     3
  Eat: Chunk             |     2 |     1 ||     3
       Ration            |       |     1 ||     1
Armor: Skin              |    11 |     1 ||    12
Dodge: Dodged            |    72 |    41 ||   113
